 Dungeon Crawl Stone Soup version 0.25.0-3-gd7cc5688da (webtiles) character file.

Game seed: 9391642427381279351

341 Froggeryz the Chopper (level 6, 0/55 HPs)
             Began as a Deep Dwarf Fighter on June 15, 2020.
             Slain by a gnoll
             ... wielding a +0 flail
              (9 damage)
             ... on level 4 of the Dungeon.
             The game lasted 00:03:27 (1787 turns).

Froggeryz the Chopper (Deep Dwarf Fighter)          Turns: 1787, Time: 00:03:27

Health: 0/55       AC:  6    Str: 21    XL:     6   Next: 30%
Magic:  6/6        EV:  7    Int:  9    God:
Gold:   132        SH: 10    Dex: 12    Spells: 5/5 levels left

rFire    . . .     SeeInvis .   a - +0 war axe
rCold    . . .     Gourm    .   c - +0 kite shield
rNeg     . . .     Faith    .   b - +0 scale mail
rPois    .         Spirit   .   (no helmet)
rElec    .         Reflect  .   (no cloak)
rCorr    .         Harm     .   (no gloves)
MR       .....                  (no boots)
Stlth    ..........             (no amulet)
HPRegen  0.00/turn              (no ring)
MPRegen  0.10/turn              (no ring)

@: non-regenerating
A: damage resistance, heal wounds, sense surroundings 1, no regeneration
a: Heal Wounds


You were on level 4 of the Dungeon.
You were hungry.

You visited 1 branch of the dungeon, and saw 4 of its levels.

You collected 132 gold pieces.

Inventory:

Hand Weapons
 a - a +0 war axe (weapon)
Armour
 b - a +0 scale mail (worn)
 c - a +0 kite shield (worn)
Scrolls
 e - a scroll of amnesia {unknown}
 h - 2 scrolls of random uselessness {unknown}
 i - a scroll of identify {unknown}
 j - 2 scrolls of teleportation {unknown}
 l - a scroll of enchant weapon {unknown}
 m - a scroll of fog {unknown}
Potions
 d - a potion of might
 k - a potion of curing {unknown}
Comestibles
 f - 6 rations


   Skills:
 - Level 2.6 Fighting
 * Level 6.2 Axes
 - Level 3.2 Armour
 + Level 5.2 Shields


You had 5 spell levels left.
You didn't know any spells.
Your spell library was empty.

Dungeon Overview and Level Annotations

Branches:
Dungeon (4/15)
 Temple: D:4-7

Altars:
Okawaru
Qazlal
Trog

Annotations:
D:3 Terence


Innate Abilities, Weirdness & Mutations

You are resistant to damage.
You can heal yourself by infusing magical energy.
You passively map a small area around you.
You do not regenerate.


Message History

The gnoll is heavily wounded.
You closely miss the gnoll. You hit the gnoll but do no damage.
The gnoll barely misses you. The gnoll hits you with a +0 whip.
The gnoll barely misses you. You block the gnoll's attack.
Unknown command.
You hit the gnoll.
The gnoll is almost dead.
You barely miss the gnoll.
Your shield prevents you from hitting the gnoll.
The gnoll barely misses you. The gnoll hits you but does no damage.
The gnoll hits you with a +0 spear!
* * * LOW HITPOINT WARNING * * *
You block the gnoll's attack.
You barely miss the gnoll.
The gnoll is almost dead.
You hit the gnoll. You hit the gnoll but do no damage.
You block the gnoll's attack. The gnoll hits you with a +0 spear.
* * * LOW HITPOINT WARNING * * *
The gnoll closely misses you. The gnoll hits you with a +0 flail!
You die...

, # , ...
* * , .
,... * **
* ##. ...
* ,
..###.#*
*, * *
...#.#
####.g.#
*,
#....gg##
* #@g# *
* ##....#
* , ,
..### * *
..# , , ,
..., * *
** ###.
,, .. * ,
* #. , *
,


You could see 4 gnolls.

Vanquished Creatures
  An ice beast (D:3)
  A scorpion (D:2)
  Natasha (thrice) (D:2)
  5 adders (D:2)
  An ooze (D:1)
  A dart slug (D:1)
  2 leopard geckos (D:2)
  3 orcs (D:3)
  4 giant cockroaches
  7 goblins
  8 hobgoblins
  4 jackals (D:3)
  A quokka (D:2)
  3 ball pythons
  11 bats
  5 frilled lizards
  7 kobolds
  A quokka skeleton (D:2)
  7 rats
75 creatures vanquished.

Notes
Turn   | Place    | Note
-------+----------+-------------------------------------------
     0 | D:1      | Froggeryz the Deep Dwarf Fighter began the quest for the
                  | Orb.
     0 | D:1      | Reached XP level 1. HP: 20/20 MP: 1/1
    75 | D:1      | Reached XP level 2. HP: 25/27 MP: 2/2
   238 | D:1      | Reached skill level 3 in Axes
   337 | D:1      | Reached XP level 3. HP: 31/33 MP: 3/3
   570 | D:2      | Noticed Natasha
   575 | D:2      | Killed Natasha
   575 | D:2      | Reached skill level 4 in Axes
   579 | D:2      | Reached XP level 4. HP: 27/40 MP: 4/4
   816 | D:2      | Reached skill level 5 in Axes
   816 | D:2      | Reached XP level 5. HP: 5/46 MP: 5/5
   904 | D:2      | Noticed Natasha
   913 | D:2      | Killed Natasha
  1054 | D:2      | Found a faded altar of an unknown god.
  1118 | D:3      | Found a bloodstained altar of Trog.
  1241 | D:3      | Noticed an ice beast
  1289 | D:2      | Noticed Natasha
  1307 | D:2      | Killed Natasha
  1393 | D:3      | Found a stormy altar of Qazlal.
  1394 | D:3      | Found an iron altar of Okawaru.
  1592 | D:3      | Killed an ice beast
  1592 | D:3      | Reached skill level 6 in Axes
  1592 | D:3      | Reached skill level 5 in Shields
  1592 | D:3      | Reached XP level 6. HP: 18/55 MP: 6/6
  1734 | D:3      | Noticed Terence
  1787 | D:4      | Slain by a gnoll

Illustrated notes

Levels and vault maps discovered:
D:1:      evilmike_arrival_rings, layout_rooms, minmay_misc_feat_enclosed
D:2:      layout_rooms, chequers_ecumenical_altar_twisty, serial_park_tiny_2,
          uniq_natasha
D:3:      corexii_shack_village, layout_loops_ring,
          gammafunk_temple_overflow_pools, first_ration, bloody_trog,
          uniq_terence
D:4:      layout_rooms, nicolae_ossuary_entry_giza, uniq_sigmund

Skill      XL: |  1  2  3  4  5 |
---------------+----------------+-----
Axes           | 3 4 5 6 |  6.2
Shields        | 4 5 |  5.2
Fighting       | |  2.6
Armour         | |  3.2

Action                   |  1- 3 |  4- 6 || total
-------------------------+-------+-------++-------
Melee: War axe           |    77 |   180 ||   257
 Abil: Heal Wounds       |       |     3 ||     3
  Eat: Chunk             |       |     3 ||     3
Armor: Scale mail        |    52 |    81 ||   133
Dodge: Dodged            |    39 |    55 ||    94
Block: Kite shield       |    49 |    82 ||   131
